 Dungeon Crawl Stone Soup version 0.31-a0-538-gbc85326fa9 (webtiles) character file.

Game seed: 628459508702088851

809 HoaS the Skirmisher (level 8, -5/56 HPs)
             Began as a Formicid Hunter on Aug 13, 2023.
             Was an Initiate of Elyvilon.
             Slain by an ogre
             ... wielding a +0 giant club
              (16 damage)
             ... on level 5 of the Dungeon.
             The game lasted 00:10:14 (3237 turns).

HoaS the Skirmisher (Formicid Hunter)               Turns: 3237, Time: 00:10:14

Health: -5/56      AC:  4    Str: 22    XL:     8   Next: 15%
Magic:  8/8        EV: 12    Int:  9    God:    Elyvilon [......]
Gold:   1328       SH:  0    Dex: 19    Spells: 7/7 levels left

rFire   . . .        a - +1 shortbow (heavy)
rCold   . . .        o - orb {light}
rNeg    . . .        c - +1 leather armour
rPois   .            (helmet unavailable)
rElec   .            (no cloak)
rCorr   .            (no gloves)
SInv    +            (no boots)
Will    .....        (no amulet)
Stlth   +            k - +6 ring of strength
HPRegen 0.29/turn    (no ring)
MPRegen 0.11/turn

%: no passive effects
@: glowing
A: permanent stasis, dig shafts and tunnels, antennae 3, four strong arms
a: Dig, Shaft Self, Renounce Religion


You were on level 5 of the Dungeon.
You worshipped Elyvilon.
Elyvilon was noncommittal.
You visited 2 branches of the dungeon, and saw 6 of its levels.

You collected 1328 gold pieces.

Inventory:

Hand Weapons
 a - a +1 heavy shortbow (weapon)
Armour
 c - a +1 leather armour (worn)
 o - an orb of light (worn)
Jewellery
 k - a +6 ring of strength (left hand)
Wands
 n - a wand of quicksilver (10)
Scrolls
 b - a scroll of butterflies
 f - 2 scrolls of brand weapon
 q - a scroll of enchant armour
Potions
 d - a potion of ambrosia {unknown}
 e - 2 potions of lignification {unknown}
 g - 2 potions of degeneration {unknown}
 h - 2 potions of might {unknown}
 i - 2 potions of mutation {unknown}
 j - 4 potions of attraction
 l - a potion of haste {unknown}
 m - a potion of enlightenment {unknown}


   Skills:
 - Level 2.1 Fighting
 * Level 9.5 Ranged Weapons
 - Level 1.7 Dodging
 - Level 1.2 Stealth
 + Level 0.0 Invocations


You had 7 spell levels left.
You didn't know any spells.
Your spell library contained the following spells:

 Spells                   Type           Power      Damage    Failure   Level
 Freeze                   Ice            0%         1d3       43%         1
 Slow                     Hex            0%         N/A       43%         1
 Lesser Beckoning         Tloc           0%         N/A       56%         2
 Momentum Strike          Conj/Tloc      0%         3d8       56%         2
 Confusing Touch          Hex            0%         N/A       80%         3
 Dazzling Flash           Conj/Hex       0%         N/A       80%         3
 Frozen Ramparts          Ice            0%         1d1       80%         3
 Hailstorm                Conj/Ice       0%         3d3       80%         3
 Vampiric Draining        Necr           0%         2d6       80%         3
 Volatile Blastmotes      Fire/Tloc      0%         2d10      80%         3
 Starburst                Conj/Fire      0%         6d3       100%        6
 Maxwell's Capacitive Co  Air            0%         ∞         100%        8
 Blink                    Tloc           Unusable   N/A       N/A         2

Dungeon Overview and Level Annotations

Branches:
Dungeon (5/15)             Temple (1/1) D:5

Altars:
Ashenzari
Dithmenos
Elyvilon
Fedhas
Hepliaklqana
Kikubaaqudgha
Makhleb
Nemelex Xobeh
Okawaru
Qazlal
Ru
Sif Muna
Trog
Vehumet
Wu Jian
Xom
Zin
The Shining One

Annotations:
D:5 1 transporter


Innate Abilities, Weirdness & Mutations

You cannot be hasted, slowed, berserked, paralysed or teleported.
You can dig through walls and to a lower floor.
You have a pair of large antennae on your head. (SInv)
Your four strong arms can wield two-handed weapons with a shield.


Message History

There is a shimmering altar of Xom here.
There is a white marble altar of Elyvilon here.
You kneel at the altar of Elyvilon.
Elyvilon welcomes you!
Done exploring.
There is a shimmering altar of Xom here.
There is a shimmering blue altar of Sif Muna here.
There is an ornate altar of the Wu Jian Council here.
There is a radiant altar of Vehumet here.
There is a sparkling altar of Nemelex Xobeh here.
There is a staircase back to the Dungeon here.
You climb upwards.
Welcome back to the Dungeon!
Level annotation: 1 transporter
There is a staircase to the Ecumenical Temple here.
Found a leather armour.
Found 3 stones.
Found a stone staircase leading up.
You now have 1328 gold pieces (gained 8).
Found a stone staircase leading up.
There is a stone staircase leading up here.
An ogre comes into view. It is wielding a +0 giant club.
The ogre shouts!
You shoot an arrow. The arrow barely misses the ogre.
You shoot an arrow. The arrow hits the ogre!
The ogre is heavily wounded.
You shoot an arrow.
The arrow hits the ogre but does no damage.
The ogre is heavily wounded.
You shoot an arrow.
The arrow hits the ogre but does no damage.
The ogre is heavily wounded.
The ogre hits you with a +0 giant club!!
You shoot an arrow. The arrow hits the ogre.
The ogre is severely wounded.
The ogre hits you with a +0 giant club!!
* * * LOW HITPOINT WARNING * * *
Okay, then.
You shoot an arrow. The arrow completely misses the ogre.
The ogre hits you with a +0 giant club!
You die...

#.# ####.##<..........
#.###....###..#######.
#.##.#..........######
#.###..####...#.......
#.# #.................
#.###...#.##..#.##.##.
#..<....#.....#[....(..
#####......##....#.##..
#.@.##....##.#.....
#.O....##......##.§
##...#....>.##...§.
#...#.##......#.§§
#........##.#.#§§§
#..##.#.....#...§§
#.....#..##....#.§ #..#
.......##.#§§
..##.#...§§§.


You could see an ogre.

Vanquished Creatures
  Grinder (D:3)
  Sigmund (D:3)
  A steam dragon (D:3)
  A black bear (D:5)
  Pargi (D:3)
  A hound (D:4)
  An adder (D:4)
  A shadow imp (D:5)
  A white imp (D:5)
  An ufetubus (D:4)
  2 worms (D:4)
  2 dart slugs (D:1)
  9 orcs
  5 bats
  7 endoplasms
  A giant cockroach (D:2)
  7 goblins
  2 hobgoblins (D:1)
  8 kobolds
  4 ball pythons
  2 frilled lizards
  A rat (D:3)
60 creatures vanquished.

Notes
Turn   | Place    | Note
-------+----------+-------------------------------------------
     0 | D:1      | HoaS the Formicid Hunter began the quest for the Orb.
     0 | D:1      | Reached XP level 1. HP: 16/16 MP: 1/1
    60 | D:1      | Reached XP level 2. HP: 21/22 MP: 2/2
   449 | D:1      | Found a faded altar of an unknown god.
   866 | D:2      | Identified a scroll of acquirement
   866 | D:2      | Acquired 1049 gold pieces
  1038 | D:2      | Reached XP level 3. HP: 27/27 MP: 3/3
  1296 | D:3      | Reached skill level 5 in Ranged Weapons
  1504 | D:3      | Noticed Pargi
  1526 | D:3      | Noticed Sigmund
  1635 | D:3      | Killed Pargi
  1636 | D:3      | Reached skill level 6 in Ranged Weapons
  1636 | D:3      | Reached XP level 4. HP: 33/33 MP: 4/4
  1636 | D:3      | Reached XP level 5. HP: 38/38 MP: 5/5
  1765 | D:3      | Noticed Grinder
  1777 | D:3      | Killed Grinder
  1778 | D:3      | Reached skill level 7 in Ranged Weapons
  1778 | D:3      | Reached XP level 6. HP: 44/44 MP: 6/6
  1893 | D:3      | Noticed a steam dragon
  1897 | D:3      | Killed a steam dragon
  1898 | D:3      | Reached skill level 8 in Ranged Weapons
  1898 | D:3      | Reached XP level 7. HP: 16/50 MP: 7/7
  2067 | D:3      | Killed Sigmund
  2384 | D:4      | Identified the +0 ring mail "Gitigaco" {rC+ rN+ Will+
                  | Stlth+}
  2387 | D:4      | Reached skill level 9 in Ranged Weapons
  2661 | D:4      | Found a glowing golden altar of the Shining One.
  2662 | D:4      | Found a blossoming altar of Fedhas.
  2987 | D:5      | Entered Level 5 of the Dungeon
  2994 | D:5      | Found a transporter.
  3002 | D:5      | Identified the +0 scale mail "Linat" {rF++}
  3002 | D:5      | Identified the +3 buckler of Yvijuff {*Slow rF+++}
  3055 | D:5      | Reached XP level 8. HP: 56/56 MP: 8/8
  3115 | D:5      | Found a staircase to the Ecumenical Temple.
  3126 | Temple   | Entered the Ecumenical Temple
  3153 | Temple   | Became a worshipper of Elyvilon the Healer
  3237 | D:5      | Slain by an ogre

Illustrated notes

Levels and vault maps discovered:
D:1:      giann_horns, layout_basic, hellmonk_ecumenical_altar_blasted
D:2:      layout_rooms
D:3:      cheibrodos_helix_gallery, layout_loops_corners, uniq_pargi,
          uniq_grinder, uniq_sigmund
D:4:      layout_rooms, mainiacjoe_overflow_divided_tiny,
          minmay_fractal_squares_gapless_5
D:5:      layout_loops_ring, minmay_temple_entry_ruins,
          gammafunk_ghost_gnarly_gnolls, minmay_starry_boxes, uniq_pikel
Temple:   lightli_temple_of_artemis

Skill      XL: |  1  2  3  4  5  6  7 |
---------------+----------------------+-----
Ranged Weapons | 6 7 8 9 |  9.5
Fighting       | |  2.1
Dodging        | |  1.7
Stealth        | |  1.2

Action                     |  1- 3 |  4- 6 |  7- 9 || total
---------------------------+-------+-------+-------++-------
   Fire: Shortbow          |    63 |    19 |    66 ||   148
    Use: Scroll            |     4 |       |     3 ||     7
 Armour: Leather armour    |     7 |     2 |     4 ||    13
  Dodge: Dodged            |    14 |     4 |    14 ||    32

Table legend: (Time is in decaauts)
 A = Elapsed time spent in this place.
 B = Non-inter-level travel time spent in this place.
 C = Inter-level travel time spent in this place.
 D = Time resting spent in this place.
 E = Time spent auto-exploring this place.
 F = Levels seen in this place.
 G = Mean time per level.
                   A        B        C        D        E       F      G
               +--------+--------+--------+--------+--------+-----+--------+
         Total |   3301 |   3180 |    121 |    222 |   2514 |   6 |  550.2 |
       Dungeon |   3248 |   3152 |     96 |    222 |   2514 |   5 |  649.6 |
        Temple |     52 |     27 |     25 |      0 |      0 |   1 |   52.0 |
               +--------+--------+--------+--------+--------+-----+--------+

Top non-repeatable levels by time:
     D:3: 1137 daAuts
     D:1: 868 daAuts
     D:4: 623 daAuts
     D:2: 416 daAuts
     D:5: 202 daAuts
  Temple: 52 daAuts
